 Dungeon Crawl Stone Soup version 0.23-a0-49-gd9f7a49 (webtiles) character file.

278 CanOfBees the Ducker (level 6, -3/39 HPs)
             Began as a Tengu Monk on Aug 7, 2018.
             Slain by an iguana (6 damage)
             ... on level 2 of the Dungeon.
             The game lasted 00:05:28 (2465 turns).

CanOfBees the Ducker (Tengu Monk)                   Turns: 2465, Time: 00:05:29

Health: -3/39      AC:  5    Str: 13    XL:     6   Next: 26%
Magic:  7/7        EV: 13    Int: 10    God:
Gold:   54         SH:  0    Dex: 17    Spells: 5/5 levels left

rFire    . . .     SeeInvis .   a - +0 falchion
rCold    . . .     Gourm    .   (no shield)
rNeg     . . .     Faith    .   m - +0 ring mail
rPois    .         Spirit   .   (helmet restricted)
rElec    .         Reflect  .   (no cloak)
rCorr    .         Harm     .   (no gloves)
MR       .....                  (boots unavailable)
Stlth    +.........             (no amulet)
HPRegen  0.13/turn              (no ring)
MPRegen  0.10/turn              (no ring)

@: lethally poisoned (-3 -> -9)
A: beak, talons 3, able to fly 1
a: Fly


You were on level 2 of the Dungeon.
You were not hungry.

You visited 1 branch of the dungeon, and saw 3 of its levels.

You collected 54 gold pieces.

Inventory:

Hand Weapons
 a - a +0 falchion (weapon)
 n - a +0 hunting sling
Missiles
 f - 34 sling bullets
 g - 51 stones
 i - 13 poisoned needles
 o - 6 javelins (quivered)
Armour
 m - a +0 ring mail (worn)
Scrolls
 d - a scroll of remove curse
 e - a scroll of amnesia
 h - a scroll of fog
 l - a scroll of noise {unknown}
 r - a scroll of teleportation {unknown}
 s - a scroll of identify {unknown}
Comestibles
 c - 7 rations
 q - 2 chunks of flesh


   Skills:
 + Level 4.6 Fighting
 + Level 5.0 Long Blades
 + Level 5.0 Dodging
 - Level 2.0 Stealth


You had 5 spell levels left.
You didn't know any spells.
Your spell library was empty.

Dungeon Overview and Level Annotations

Branches:
Dungeon (3/15)

Altars:
Elyvilon
Trog
Vehumet


Innate Abilities, Weirdness & Mutations

You have a beak for a mouth.
You have claws for feet.
You can fly.


Message History

You hear a shout!
You barely miss the iguana.
The iguana is lightly wounded.
The iguana bites you!
A goblin comes into view. It is wielding a dagger.
The kobold shoots a poisoned needle.
The poisoned needle hits you!
You are poisoned.
You feel sick. The iguana bites you.
The kobold shoots a poisoned needle.
The poisoned needle barely misses you.
You climb upwards.
You feel sick.
There is a stone staircase leading down here.
You closely miss the iguana.
The iguana is lightly wounded.
The iguana bites you!
* * * LOW HITPOINT WARNING * * *
You completely miss the iguana.
The iguana is lightly wounded.
* * * LOW HITPOINT WARNING * * *
You feel sick. The iguana bites you.
You die...

..##............#
................#
................#
....###.#.......#
................#
....###..<..#.###
##.#####..#.#.#
......###.#.#.##############
##.##.# #)).....@l........)#
......###..##.############.#
....#...##..#.##⌠#.#.#_#_#.#
....#.......#.##.#.#.#.#(8.#
....###.......#............#
##### #######.##...........#
#.#8.#.#.#.#.8##
######_###.#.## ### #####


You could see an iguana.

Vanquished Creatures
  Grinder (D:2)
  2 adders (D:2)
  3 oozes
  2 worms (D:2)
  3 leopard geckos
  3 giant cockroaches
  4 goblins (D:2)
  8 hobgoblins
  6 jackals
  7 kobolds
  2 bats
  3 frilled lizards
  7 rats
51 creatures vanquished.

Notes
Turn   | Place    | Note
-------+----------+-------------------------------------------
     0 | D:1      | CanOfBees the Tengu Monk began the quest for the Orb.
     0 | D:1      | Reached XP level 1. HP: 14/14 MP: 2/2
   112 | D:1      | Reached XP level 2. HP: 14/19 MP: 3/3
   454 | D:1      | Reached XP level 3. HP: 20/23 MP: 4/4
  1243 | D:2      | Reached XP level 4. HP: 11/29 MP: 5/5
  1793 | D:2      | Found a radiant altar of Vehumet.
  1808 | D:2      | Found a bloodstained altar of Trog.
  1811 | D:2      | Found a white marble altar of Elyvilon.
  2289 | D:3      | Noticed Grinder
  2335 | D:2      | HP: 1/29 [Grinder (3)]
  2360 | D:2      | Killed Grinder
  2360 | D:2      | Reached skill level 5 in Long Blades
  2360 | D:2      | Reached skill level 5 in Dodging
  2360 | D:2      | Gained mutation: You can fly. [Tengu growth]
  2360 | D:2      | Reached XP level 5. HP: 34/34 MP: 6/6
  2360 | D:2      | Reached XP level 6. HP: 39/39 MP: 7/7
  2465 | D:2      | Slain by an iguana

Vault maps used:
D:1:      sevenhm_arrival_forest_fort_large_2
D:2:      minitemple
D:3:      chequers_ecumenical_altar_simple_redux, st_stairs_8,
          roderic_nine_men_s_morris, minmay_shallow_snake_nest, uniq_grinder

Skill      XL: |  1  2  3  4 |
---------------+-------------+-----
Long Blades    | 4 5 |  5.0
Dodging        | 4 5 |  5.0
Fighting       | 4 |  4.6
Stealth        | |  2.0

Action                   |  1- 3 |  4- 6 || total
-------------------------+-------+-------++-------
Melee: Falchion          |    60 |    55 ||   115
       Kick              |    20 |    16 ||    36
       Peck              |    12 |     6 ||    18
Throw: Stone             |    13 |     4 ||    17
       Javelin           |       |    12 ||    12
  Use: Scroll            |       |     5 ||     5
       Potion            |       |     4 ||     4
 Stab: Sleeping          |     3 |     1 ||     4
  Eat: Chunk             |     1 |     4 ||     5
Armor: Robe              |     9 |       ||     9
       Ring mail         |     2 |    11 ||    13
       Skin              |       |     7 ||     7
Dodge: Dodged            |    46 |    28 ||    74
       Rpst.: Falchion   |    16 |     8 ||    24

Table legend:
 A = Spawn XP
 B = Non-spawn XP
 C = Spawn XP percentage of total XP
 D = Spawn monster count
 E = Non-spawn monster count
 F = Spawn count percentage of total count
 G = Total turns spent on level
                    A         B        C        D         E        F      G
               +---------+---------+-------+---------+---------+-------+---------
         Total |       0 |     398 |   0.0 |       0 |      51 |   0.0 |  2465
               +---------+---------+-------+---------+---------+-------+---------
           D:1 |       0 |      54 |   0.0 |       0 |      25 |   0.0 |  1070
           D:2 |       0 |     337 |   0.0 |       0 |      22 |   0.0 |  1376
           D:3 |       0 |       7 |   0.0 |       0 |       4 |   0.0 |    19
               +---------+---------+-------+---------+---------+-------+---------
